 Dungeon Sprint DCSS version 0.29-a0-364-g921d912d32 (webtiles) character file.

Game seed: 16365722136728698136

2081 mhtbhm the Swashbuckler (level 9, 0/66 HPs)
             Began as a Kobold Berserker on Apr 30, 2022.
             Was a High Priest of Trog.
             Slain by a seven-headed hydra (9 damage)
             ... in the Dungeon (Sprint VII: "The Pits").
             The game lasted 00:02:05 (1413 turns).

mhtbhm the Swashbuckler (Kobold Berserker)          Turns: 1413, Time: 00:02:05

Health: 0/66       AC: 12    Str: 22    XL:     9   Next: 51%
Magic:  9/9        EV: 21    Int:  8    God:    Trog [*****.]
Gold:   0          SH:  0    Dex: 14    Spells: 8/8 levels left

rFire   . . .      SeeInvis .   a - +2 rapier (elec)
rCold   . . .      Faith    .   (no shield)
rNeg    . . .      Spirit   .   b - +5 ring mail
rPois   .          Reflect  .   (no helmet)
rElec   .          Harm     .   (no cloak)
rCorr   .          Rampage  .   n - +0 pair of gloves
Will    .....      NoTele   +   (no boots)
Stlth   +++++.....              (no amulet)
HPRegen 0.21/turn               l - +3 ring of evasion
MPRegen 0.11/turn               k - +3 ring of strength

@: on berserk cooldown, slowed, very slow
A: small, no large weapons, nightstalker 3
a: Renounce Religion, Berserk, Trog's Hand, Brothers in Arms


You were in the Dungeon.
You worshipped Trog.
Trog was extremely pleased with you.
You visited 1 branch

Inventory:

Hand Weapons
 a - a +2 rapier of electrocution (weapon)
Armour
 b - a +5 ring mail (worn)
 n - a +0 pair of gloves (worn)
Jewellery
 k - a +3 ring of strength (right hand)
 l - a +3 ring of evasion (left hand)
Scrolls
 h - a scroll of blinking
 j - a scroll of summoning
Potions
 c - 7 potions of curing
 d - 12 potions of heal wounds
 e - 2 potions of haste
 f - 4 potions of magic
 g - 4 potions of berserk rage
 i - 2 potions of invisibility
 m - a potion of might


   Skills:
 + Level 12.4 Fighting
 + Level 15.4 Short Blades
 + Level 5.9 Armour
 + Level 10.8 Dodging
 + Level 9.4 Stealth


You had 8 spell levels left.
You didn't know any spells.
Your spell library was empty.

Dungeon Overview and Level Annotations

Branches:
Dungeon (1/1)

Altars:


Innate Abilities, Weirdness & Mutations

You are small and have problems with some larger weapons.
You are completely attuned to the shadows.


Message History

The demonic crawler is almost dead.
The demonic crawler misses you.
The demonic crawler hits you but does no damage.
The demonic crawler closely misses you.
A hellwing comes into view.
The rime drake bites you but does no damage.
You puncture the demonic crawler!
You kill the demonic crawler!
Trog accepts your kill. Trog grants you a weapon!
Something appears at your feet!
You see here a +2 antimagic short sword.
Your Short Blades skill increases to level 15!
Unknown command.
You closely miss the rime drake. You hit the rime drake.
Lightning courses through the rime drake!
The rime drake is severely wounded.
The rime drake completely misses you.
You completely miss the rime drake.
The rime drake is heavily wounded.
You puncture the rime drake!
Lightning courses through the rime drake!!
You kill the rime drake!
Trog accepts your kill.
Your Stealth skill increases to level 9!
You feel a strong urge to attack something.
There is a large open door here.
You are no longer berserk.
You are exhausted.
You feel yourself slow down.
You close the large door.
Something unseen opens the large door.
Your troll goes berserk!
The seven-headed hydra bites you. The seven-headed hydra misses you.
The seven-headed hydra bites you! x2
* * * LOW HITPOINT WARNING * * *
The seven-headed hydra bites you.
* * * LOW HITPOINT WARNING * * *
The seven-headed hydra bites you!
You die...

#.##................
...'................
####......#..#......
..##................
#'#####'#####''#####
†.##.......##''#####
..##.......##......#
####.......##....T.#
..##...<...###†.@.##
..##.......# ##'D##
..##.......###.4..#
####.......##).....#
..###########†.....+
.############......#
)#....#..[.###....#
)#....#..[[# #''#
.'....'..))#


You could see a seven-headed hydra, a hellwing (ally target) and a friendly
troll (summoned, berserk).

Vanquished Creatures
  A shadow wraith (D)
  An orange demon (D)
  A demonic crawler (D)
  A rime drake (D)
  A warg (D)
  A sky beast (D)
  Pargi (D)
  A wolf (D)
  4 scorpions (D)
  A wight (D)
  A jelly (D)
  An iron imp (D)
  An orc wizard (D)
  3 river rats (D)
  An orc (D)
  A bat zombie (D)
  A hobgoblin (D)
  A kobold (D)
  A quokka (D)
  A ball python skeleton (D)
  A ball python zombie (D)
  A frilled lizard (D)
27 creatures vanquished.

Notes
Turn   | Place    | Note
-------+----------+-------------------------------------------
     0 | D        | mhtbhm the Kobold Berserker began the quest for the Orb.
     0 | D        | Reached XP level 1. HP: 14/14 MP: 1/1
    11 | D        | Noticed a scorpion
    18 | D        | Killed a scorpion
    19 | D        | Reached skill level 5 in Fighting
    19 | D        | Reached skill level 7 in Short Blades
    19 | D        | Reached XP level 2. HP: 18/22 MP: 2/2
    19 | D        | Reached XP level 3. HP: 22/27 MP: 3/3
    19 | D        | Reached XP level 4. HP: 26/32 MP: 4/4
   155 | D        | Noticed a scorpion
   166 | D        | Killed a scorpion
   167 | D        | Reached skill level 8 in Short Blades
   167 | D        | Reached XP level 5. HP: 38/38 MP: 5/5
   167 | D        | Reached ** piety under Trog
   221 | D        | Reached skill level 9 in Short Blades
   248 | D        | Reached *** piety under Trog
   250 | D        | Noticed a warg
   277 | D        | Reached skill level 10 in Short Blades
   277 | D        | Reached skill level 5 in Dodging
   277 | D        | Reached skill level 1 in Stealth
   277 | D        | Reached XP level 6. HP: 32/44 MP: 6/6
   364 | D        | Killed a warg
   365 | D        | Reached skill level 11 in Short Blades
   437 | D        | Noticed a wolf
   454 | D        | Killed a wolf
   455 | D        | Reached XP level 7. HP: 32/51 MP: 7/7
   578 | D        | Reached **** piety under Trog
   579 | D        | Reached skill level 12 in Short Blades
   597 | D        | Reached skill level 10 in Fighting
   598 | D        | Reached ***** piety under Trog
   775 | D        | Noticed an orange demon
   777 | D        | Killed an orange demon
   778 | D        | Reached skill level 13 in Short Blades
   778 | D        | Reached skill level 5 in Stealth
   778 | D        | Reached XP level 8. HP: 60/60 MP: 8/8
   789 | D        | Received a gift from Trog
   988 | D        | Noticed Pargi
  1011 | D        | Killed a shadow wraith
  1012 | D        | Reached skill level 14 in Short Blades
  1012 | D        | Reached skill level 5 in Armour
  1012 | D        | Reached XP level 9. HP: 43/65 MP: 9/9
  1017 | D        | Killed Pargi
  1018 | D        | Reached skill level 10 in Dodging
  1343 | D        | Noticed a demonic crawler
  1392 | D        | Noticed a rime drake
  1398 | D        | Noticed a seven-headed hydra
  1403 | D        | Noticed a hellwing
  1404 | D        | Killed a demonic crawler
  1404 | D        | Received a gift from Trog
  1405 | D        | Reached skill level 15 in Short Blades
  1408 | D        | Killed a rime drake
  1413 | D        | Slain by a seven-headed hydra

Illustrated notes

Levels and vault maps discovered:
D:        pitsprint [storerooms_1, entrance_room_1, metal_vault_2, armoury_1,
          mini_pit_1, grid_room_1, main_hall_1, silver_pit, the_coven_3,
          the_vestibule_1, steel_vault_1, golden_pit, hallway_of_sentries,
          crystal_vault_1, iron_vault_1, final_vault]

Skill      XL: |  1  2  3  4  5  6  7  8  9 |
---------------+----------------------------+-----
Fighting       | 5 7 8 9 11 12 | 12.4
Short Blades   | 7 8 10 11 13 14 15 | 15.4
Armour         | 2 3 4 5 |  5.9
Dodging        | 3 4 5 7 8 9 10 | 10.8
Stealth        | 1 3 5 7 9 |  9.4

Action                   |  1- 3 |  4- 6 |  7- 9 || total
-------------------------+-------+-------+-------++-------
Melee: Short sword       |     5 |       |       ||     5
       Dagger            |       |    54 |    73 ||   127
       Punch             |       |       |     2 ||     2
       Rapier            |       |       |    22 ||    22
Invok: Berserk           |     1 |     1 |     2 ||     4
       Brothers in Arms  |       |       |     1 ||     1
 Stab: Sleeping          |       |     3 |     3 ||     6
Armor: Animal skin       |     2 |     4 |       ||     6
       Ring mail         |       |       |    20 ||    20
Dodge: Dodged            |     3 |    33 |    42 ||    78

Table legend: (Time is in decaauts)
 A = Elapsed time spent in this place.
 B = Non-inter-level travel time spent in this place.
 C = Inter-level travel time spent in this place.
 D = Time resting spent in this place.
 E = Time spent auto-exploring this place.
 F = Levels seen in this place.
 G = Mean time per level.
                   A        B        C        D        E       F      G
               +--------+--------+--------+--------+--------+-----+--------+
         Total |   1371 |   1371 |      0 |    725 |    186 |   1 | 1371.0 |
       Dungeon |   1371 |   1371 |      0 |    725 |    186 |   1 | 1371.0 |
               +--------+--------+--------+--------+--------+-----+--------+

Top non-repeatable levels by time:
       D: 1371 daAuts
